 Dungeon Crawl Stone Soup version 0.32-a0-765-gfba4d74c8c (webtiles) character file.

Game seed: 15574844426938080551

179 GordonOverkill the Sneak (level 5, 0/36 HPs)
             Began as a Demonspawn Delver on Mar 18, 2024.
             Was a Believer of Hepliaklqana.
             Slain by a gnoll
             ... wielding a +0 flail
              (7 damage)
             ... on level 4 of the Dungeon.
             The game lasted 00:06:09 (2743 turns).

GordonOverkill the Sneak (Demonspawn Delver)        Turns: 2743, Time: 00:06:10

Health: 0/36       AC:  6    Str: 15    XL:     5   Next: 33%
Magic:  5/5        EV:  8    Int: 10    God:    Hepliaklqana [**....]
Gold:   205        SH:  0    Dex: 14    Spells: 4/4 levels left

rFire   . . .        j - +2 long sword (freeze)
rCold   . . .        (no shield)
rNeg    . . .        r - +0 scale mail
rPois   .            (helmet restricted)
rElec   .            (no cloak)
rCorr   .            (no gloves)
SInv    .            (no boots)
Will    .....        (no amulet)
Stlth   +            (no ring)
HPRegen 0.26/turn    (no ring)
MPRegen 0.09/turn

%: no passive effects
@: hasted, very quick
A: reduced essence, antennae 2, demonic guardian 2
a: Renounce Religion, Recall Ancestor, Ancestor Identity


You were on level 4 of the Dungeon.
You worshipped Hepliaklqana.
Hepliaklqana was pleased with you.
You visited 1 branch of the dungeon, and saw 6 of its levels.

You collected 205 gold pieces.

Inventory:

Hand Weapons
 a - a +0 hand axe
 j - a +2 long sword of freezing (weapon)
Missiles
 b - 6 javelins (quivered)
 l - 6 boomerangs
Armour
 r - a +0 scale mail (worn)
Jewellery
 n - a ring of ice
Wands
 g - a wand of digging (3)
 p - a wand of paralysis (10)
Scrolls
 c - a scroll of fog
 d - a scroll of revelation
 e - a scroll of acquirement {unknown}
 k - 4 scrolls of identify {unknown}
 m - 2 scrolls of noise {unknown}
 q - 2 scrolls of enchant weapon {unknown}
 s - a scroll of enchant armour {unknown}
 t - 2 scrolls of poison {unknown}
Potions
 f - a potion of heal wounds {unknown}
 h - 4 potions of curing {unknown}
 i - a potion of cancellation {unknown}


   Skills:
 - Level 3.0 Fighting
 + Level 4.5 Long Blades
 - Level 2.0 Axes
 - Level 1.7 Dodging
 - Level 4.5 Stealth


You had 4 spell levels left.
You didn't know any spells.
Your spell library was empty.

Dungeon Overview and Level Annotations

Branches:
Dungeon (6/15)
 Temple: D:4-7

Altars:
Hepliaklqana

Shops:
D:6 *


Innate Abilities, Weirdness & Mutations

Your life essence is reduced to manifest your ancestor. (-10% HP)
You have a pair of antennae on your head.
A demonic guardian rushes to your aid.


Message History

Kleine Eule completely resists.
The gnoll hits Kleine Eule with a +2 flail of protection!
Kleine Eule is destroyed!
The gnoll attacks as it pursues you! The gnoll barely misses you.
You hit the gnoll. You freeze the gnoll.
The gnoll is moderately wounded.
The orc hits you with a +1 dagger of venom.
The gnoll barely misses you.
You hit the gnoll. You freeze the gnoll.
The gnoll is severely wounded.
The gnoll barely misses you.
You slash the orc wizard! You freeze the orc wizard.
You kill the orc wizard!
The gnoll hits you with a +0 flail.
The orc hits you with a +2 flail of protection.
The gnoll hits you with a +0 flail!
* * * LOW HITPOINT WARNING * * *
You are too injured to fight recklessly!
You are too injured to fight recklessly!
You are too injured to fight recklessly!
The gnoll attacks as it pursues you! The gnoll hits you but does no damage.
You completely miss the gnoll.
The gnoll is severely wounded.
The gnoll hits you but does no damage.
You barely miss the gnoll.
The gnoll is severely wounded.
The gnoll barely misses you.
You barely miss the gnoll.
The gnoll is severely wounded.
The gnoll hits you with a +0 flail!
* * * LOW HITPOINT WARNING * * *
The gnoll attacks as it pursues you! The gnoll closely misses you.
The gnoll attacks as it pursues you! The gnoll closely misses you.
The gnoll attacks as it pursues you! The gnoll hits you with a +0 flail.
* * * LOW HITPOINT WARNING * * *
A demonic guardian appears!
Okay, then.
You feel yourself speed up. The gnoll hits you with a +0 flail!
You die...
Hepliaklqana delivers you to your ancestors.

#.......[.###.###...#
#.............###.###
#.............<...#
####†##.##.##..####
##...##........#####
##..#.##..#..##.....##
####....)......##.......##
..............###...<.#..#
...#.......@### #.....##.#
..( ####.##gg# #.....##.#
....###{{##o4##........##.#
.###...g{.g.....##.....##.#
.....##g###.#.####.....##.##
.####g.)# ..#..# #.....##..#
#.g.)..###...#.....###.#
#..#...# ##.......# #.#
#..,...# #.# #.# #.#


You could see 2 gnolls, an orc, a goblin and a friendly rust devil (summoned).

Vanquished Creatures
  An orc wizard (D:4)
  4 adders
  2 dart slugs
  6 orcs
  8 bats
  7 endoplasms
  4 giant cockroaches
  3 goblins
  11 hobgoblins
  7 kobolds
  3 quokkas
  5 ball pythons
  5 frilled lizards
  5 rats
71 creatures vanquished.

Vanquished Creatures (collateral kills)
  A hound (D:4)
  A hobgoblin (D:1)
  2 kobolds
4 creatures vanquished.

Vanquished Creatures (others)
  A knight (D:4)
1 creature vanquished.

Grand Total: 76 creatures vanquished

Notes
Turn   | Place    | Note
-------+----------+-------------------------------------------
     0 | D:5      | GordonOverkill the Demonspawn Delver began the quest for
                  | the Orb.
     0 | D:5      | Reached XP level 1. HP: 18/18 MP: 1/1
     1 | D:6      | Found Suipocyu's Assorted Antiques.
    20 | D:6      | Noticed a wight
    20 | D:6      | Noticed an orc wizard
   126 | D:6      | Noticed an orc wizard
   126 | D:6      | Noticed an orc wizard
   129 | D:5      | Noticed a scorpion
   206 | D:5      | Noticed a hound
   267 | D:3      | Reached skill level 1 in Long Blades
   303 | D:3      | Gained mutation: You have a pair of small antennae on your
                  | head. [demonic ancestry]
   303 | D:3      | Reached XP level 2. HP: 24/24 MP: 2/2
   456 | D:2      | Gained mutation: You have a pair of antennae on your head.
                  | [demonic ancestry]
   456 | D:2      | Reached XP level 3. HP: 9/29 MP: 3/3
   463 | D:2      | HP: 1/29 [poisoned by an adder]
  1177 | D:1      | Found a faded altar of an unknown god.
  1282 | D:1      | Gained mutation: A weak demonic guardian rushes to your
                  | aid. [demonic ancestry]
  1282 | D:1      | Reached XP level 4. HP: 30/35 MP: 4/4
  1597 | D:1      | Prayed at the altar of an unknown god.
  1597 | D:1      | Became a worshipper of Hepliaklqana the Forgotten
  1597 | D:1      | Reached * piety under Hepliaklqana
  2444 | D:3      | Reached ** piety under Hepliaklqana
  2445 | D:3      | Remembered your ancestor Kleine Eule as a knight
  2614 | D:4      | Gained mutation: A demonic guardian rushes to your aid.
                  | [demonic ancestry]
  2614 | D:4      | Reached XP level 5. HP: 35/36 MP: 5/5
  2743 | D:4      | Slain by a gnoll

Illustrated notes

Levels and vault maps discovered:
D:1:      tarquinn_simple_flora_water_f, layout_loops_cross,
          chequers_ecumenical_altar_simple, hangedman_feature_mirror
D:2:      layout_loops_ring
D:3:      layout_basic
D:4:      layout_rooms, uniq_pikel
D:5:      layout_rooms, makhleb_blood_cavern_becter
D:6:      layout_rooms, portal_sewer_entry_d, nicolae_take_the_stairs,
          nicolae_shop_sticking_my_neck_out

Skill      XL: |  1  2  3  4 |
---------------+-------------+-----
Axes           | 2 |  2.0
Long Blades    | 1 2 3 4 |  4.5
Fighting       | |  3.0
Dodging        | |  1.7
Stealth        | |  4.5

Action                     |  1- 3 |  4- 6 || total
---------------------------+-------+-------++-------
  Melee: Long sword        |    86 |    62 ||   148
         Hand axe          |     8 |       ||     8
 Invoke: Ancestor Life: Kn |       |     1 ||     1
         Ancestor Identity |       |     1 ||     1
    Use: Potion            |     3 |     1 ||     4
         Scroll            |     1 |       ||     1
   Stab: Sleeping          |     9 |     1 ||    10
 Armour: Leather armour    |    26 |       ||    26
         Ring mail         |    37 |    14 ||    51
         Scale mail        |       |    40 ||    40
  Dodge: Dodged            |    50 |    39 ||    89

Table legend: (Time is in decaauts)
 A = Elapsed time spent in this place.
 B = Non-inter-level travel time spent in this place.
 C = Inter-level travel time spent in this place.
 D = Time resting spent in this place.
 E = Time spent auto-exploring this place.
 F = Levels seen in this place.
 G = Mean time per level.
                   A        B        C        D        E       F      G
               +--------+--------+--------+--------+--------+-----+--------+
         Total |   2763 |   2607 |    156 |     84 |   1710 |   6 |  460.5 |
       Dungeon |   2763 |   2607 |    156 |     84 |   1710 |   6 |  460.5 |
               +--------+--------+--------+--------+--------+-----+--------+

Top non-repeatable levels by time:
     D:2: 858 daAuts
     D:1: 796 daAuts
     D:3: 741 daAuts
     D:4: 139 daAuts
     D:6: 123 daAuts
     D:5: 104 daAuts
